 Dungeon Sprint DCSS version 0.28.0-1-gb440e238dd (webtiles) character file.

Game seed: 4154948020175789956

255 Groucho the Covert (level 5, 0/24 HPs)
             Began as a Spriggan Enchanter on Feb 18, 2022.
             Slain by a necrophage (6 damage)
             ... in the Dungeon (Sprint II: "The Violet Keep of Menkaure").
             The game lasted 00:00:35 (47 turns).

Groucho the Covert (Spriggan Enchanter)               Turns: 47, Time: 00:00:35

Health: 0/24       AC:  2    Str:  6    XL:     5   Next: 91%
Magic:  10/16      EV: 17    Int: 17    God:
Gold:   0          SH:  0    Dex: 15    Spells: 19/19 levels left

rFire   . . .      SeeInvis +   a - +1 dagger
rCold   . . .      Faith    .   (no shield)
rNeg    . . .      Spirit   .   b - +0 robe
rPois   .          Reflect  .   (helmet restricted)
rElec   .          Harm     .   (no cloak)
rCorr   .          Rampage  .   (gloves unavailable)
Will    .....      NoTele   +   (boots unavailable)
Stlth   ++++++....              (no amulet)
HPRegen 0.08/turn               (no ring)
MPRegen 0.15/turn               (no ring)

@: on berserk cooldown, slowed, invisible, quick
A: very small, no large weapons, unfitting armour, see invisible, speed 3
a: no special abilities


You were in the Dungeon.
You visited 1 branch

Inventory:

Hand Weapons
 a - a +1 dagger (weapon)
Armour
 b - a +0 robe (worn)
Scrolls
 i - a scroll of blinking
Potions
 d - a potion of curing
 f - a potion of haste
 g - 2 potions of magic


   Skills:
 - Level 1.1 Short Blades
 - Level 2.6 Dodging
 * Level 13.9 Stealth
 + Level 7.8 Spellcasting
 + Level 8.2 Hexes


You had 19 spell levels left.
You didn't know any spells.
Your spell library contained the following spells:

 Spells                   Type           Power      Damage    Failure   Level
 Confusing Touch          Hex            34%        N/A       1%          3
 Tukima's Dance           Hex            34%        N/A       1%          3
 Ensorcelled Hibernation  Hex/Ice        40%        N/A       3%          2
 Dazzling Flash           Conj/Hex       40%        N/A       6%          3


Dungeon Overview and Level Annotations

Branches:
Dungeon (1/1)

Altars:


Innate Abilities, Weirdness & Mutations

You are very small and have problems with some larger weapons.
You are too small for most types of armour.
You have supernaturally acute eyesight. (SInv)
You cover ground extremely quickly. (Speed+++)


Message History

Unknown command.
You hit the necrophage.
The necrophage is moderately damaged.
The necrophage hits you.
* * * LOW HITPOINT WARNING * * *
You feel drained.
You feel much better. The necrophage hits you.
You feel drained.
The necrophage hits you but does no damage.
You fade into invisibility!
The necrophage hits you.
You hit the necrophage but do no damage.
The necrophage is moderately damaged.
The necrophage misses you.
You barely miss the necrophage.
The necrophage is moderately damaged.
The necrophage closely misses you. The necrophage misses you.
You barely miss the necrophage.
The necrophage is moderately damaged.
The necrophage misses you.
You hit the necrophage but do no damage.
The necrophage is moderately damaged.
The necrophage hits you.
You feel drained. The necrophage barely misses you.
You catch the helpless necrophage completely off-guard!
You impale the necrophage!!
You destroy the necrophage!
Your life force feels restored.
Your Stealth skill increases to level 13!
Your Spellcasting skill increases to level 7!
Your Hexes skill increases to level 8!
Unknown command.
You closely miss the necrophage. The necrophage misses you.
You barely miss the necrophage. The necrophage closely misses you.
The necrophage barely misses you.
You hit the necrophage.
The necrophage is lightly damaged.
The necrophage barely misses you.
You closely miss the necrophage.
The necrophage is lightly damaged.
The necrophage barely misses you. The necrophage hits you.
You die...

## ## ##. .##
.. .. .#. #
#n# .##
####@##.B.#
#$+.<.+#
#.w.##.##$B.#
##w #+# .## #
$#. # l# #l
## ##


You could see a necrophage.

Vanquished Creatures
  3 necrophages (D)
3 creatures vanquished.

Notes
Turn   | Place    | Note
-------+----------+-------------------------------------------
     0 | D        | Groucho the Spriggan Enchanter began the quest for the Orb.
     0 | D        | Reached XP level 1. HP: 9/9 MP: 5/5
     4 | D        | Noticed a wyvern
     4 | D        | Noticed a wyvern
     7 | D        | Noticed a boulder beetle
     7 | D        | Noticed a boulder beetle
    10 | D        | Noticed a necrophage
    10 | D        | Noticed a necrophage
    10 | D        | Noticed a necrophage
    10 | D        | Noticed a necrophage
    17 | D        | Killed a necrophage
    18 | D        | Reached skill level 10 in Stealth
    18 | D        | Reached skill level 5 in Spellcasting
    18 | D        | Reached XP level 2. HP: 13/13 MP: 5/9
    18 | D        | Reached XP level 3. HP: 16/16 MP: 6/11
    18 | D        | Reached XP level 4. HP: 21/21 MP: 6/12
    23 | D        | Killed a necrophage
    24 | D        | Reached skill level 12 in Stealth
    24 | D        | Reached XP level 5. HP: 24/24 MP: 6/15
    43 | D        | Killed a necrophage
    44 | D        | Reached skill level 13 in Stealth
    47 | D        | Slain by a necrophage

Illustrated notes

Levels and vault maps discovered:
D:        the_violet_keep_of_menkaure [sprint2_stairs_cluster_1,
          sprint2_shoproom, sprint2_temple, sprint2_basic_supplies,
          sprint2_obstacle_3, sprint2_obstacle_2, sprint2_obstacle_7,
          sprint2_obstacle_6, sprint2_obstacle_1, sprint2_timed_cluster_1,
          sprint2_smallroom_cluster_1, sprint2_smallroom_final_cluster_1,
          sprint2_transparent_cluster_1, sprint2_second_timed_cluster_1,
          sprint2_sniper_area_1, sprint2_heavy_combat_area_1,
          sprint2_mutation_trap_area_1, sprint2_forest_area_1,
          sprint2_light_combat_area_1, sprint2_behind_water_1,
          sprint2_near_end_vault_1]

Skill      XL: |  1  2  3  4  5 |
---------------+----------------+-----
Stealth        | 10 12 13 | 13.9
Spellcasting   | 5 6 7 |  7.8
Hexes          | 6 7 8 |  8.2
Short Blades   | |  1.1
Dodging        | |  2.6

Action                   |  1- 3 |  4- 6 || total
-------------------------+-------+-------++-------
Melee: Dagger            |     6 |    28 ||    34
       Punch             |       |     1 ||     1
  Use: Potion            |     1 |     2 ||     3
 Stab: Invisible         |       |     1 ||     1
Armor: Robe              |       |     3 ||     3
Dodge: Dodged            |     3 |    20 ||    23
